 Dungeon Crawl Stone Soup version 0.24-a0-549-g45f0056d81 (webtiles) character file.

Game seed: 7319008351155798600

970 Gargoyl the Chopper (level 7, -10/61 HPs)
             Began as a Centaur Abyssal Knight on Aug 20, 2019.
             Was a Priest of Lugonu.
             Mangled by an orc warrior
             ... wielding a +0 glaive of chopping
              (22 damage)
             ... on level 6 of the Dungeon.
             The game lasted 00:11:06 (5405 turns).

Gargoyl the Chopper (Centaur Abyssal Knight)        Turns: 5405, Time: 00:11:06

Health: -10/61     AC: 11    Str: 15    XL:     7   Next: 94%
Magic:  19/19      EV:  5    Int: 11    God:    Lugonu [***...]
Gold:   251        SH:  0    Dex: 10    Spells: 6/6 levels left

rFire    + . .     SeeInvis .   e - +1 hand axe (venom)
rCold    . . .     Gourm    .   (no shield)
rNeg     . . .     Faith    .   n - +0 chain mail
rPois    .         Spirit   .   (helmet restricted)
rElec    .         Reflect  .   i - +0 cloak
rCorr    +         Harm     .   j - +0 pair of gloves (curse)
MR       .....                  (no barding)
Stlth    ..........             (no amulet)
HPRegen  0.20/turn              h - ring of magical power
MPRegen  0.16/turn              o - ring of resist corrosion

@: very quick
A: large, hooves 3, horns 1, rugged brown scales 1, deformed body, fire
resistance 1, speed 2, tough skin 3, evolution 1
a: Depart the Abyss, Bend Space, Banish, Renounce Religion


You were on level 6 of the Dungeon.
You worshipped Lugonu.
Lugonu was most pleased with you.
You were hungry.

You visited 1 branch of the dungeon, and saw 6 of its levels.
You visited the Abyss 1 time.

You collected 251 gold pieces.

Inventory:

Hand Weapons
 a - a +2 hand axe
 e - a +1 hand axe of venom (weapon)
Missiles
 s - 6 boomerangs (quivered)
Armour
 i - a +0 cloak (worn)
 j - a cursed +0 pair of gloves (worn)
 n - a +0 chain mail (worn)
 r - a +0 helmet of see invisible
Jewellery
 h - a ring of magical power (left hand)
 o - a ring of resist corrosion (right hand)
Scrolls
 b - a scroll of identify
 l - a scroll of fog
 m - 6 scrolls of remove curse
 u - a scroll of teleportation
Potions
 d - a potion of ambrosia
 f - 2 potions of might
 g - a potion of agility
 k - a potion of flight
 p - a potion of heal wounds {unknown}
 q - a potion of magic {unknown}
Comestibles
 c - 16 rations


   Skills:
 + Level 4.4 Fighting
 + Level 4.5 Axes
 * Level 3.7 Armour
 * Level 3.0 Dodging
 * Level 4.2 Invocations


You had 6 spell levels left.
You didn't know any spells.
Your spell library was empty.

Dungeon Overview and Level Annotations

Branches:
Dungeon (6/15)             Temple (0/1) D:4

Altars:
Dithmenos
Elyvilon
Makhleb
Okawaru
Qazlal
Ru
Zin
The Shining One

Annotations:
D:5 1 runed translucent door, hemabe's ghost, novice HuAr
D:6 3 runed translucent doors, Mithandil's ghost, novice MiGl


Innate Abilities, Weirdness & Mutations

You have hooves in place of feet.
Armour fits poorly on your strangely shaped body.
You cover ground very quickly.
You have extremely tough skin. (AC +3)
You have a pair of small horns on your head.
You are partially covered in rugged brown scales. (AC +1, +3% HP)
Your flesh is heat resistant. (rF+)
You evolve.


Message History

The orc wizard looks satisfied for a moment.
You hit the orc warrior but do no damage.
The orc warrior is poisoned.
You headbutt the orc warrior, but do no damage.
The orc warrior is heavily wounded.
You hit the orc wizard.
The orc wizard looks as sick as possible!
You kill the orc wizard!
Lugonu accepts your kill.
Your Dodging skill increases to level 3!
The orc warrior hits you with a +0 glaive of chopping!!
* * * LOW HITPOINT WARNING * * *
The crimson imp laughs crazily.
You hit the orc warrior but do no damage.
The orc warrior looks even sicker.
Your kick misses the orc warrior.
The orc warrior is heavily wounded.
Your chain mail prevents you from hitting something.
Something hits you but does no damage.
The orc warrior hits you with a +0 glaive of chopping!!
You die...

### #######.# #.......#
################.#####.#
#.............##.# #.#
#.###########..#.# #.#
#######.#.# #.#######.
.......<..# ###.........
#####..@#####...........
.......o)F..'...........
....#5..#####...........
..................>.....
........#....).##.##....
........#....oo# .......
........#....o.# .......
....#...#....... .....
####...#........ ...


You could see an orc warrior, a bullfrog and a crimson imp.

Vanquished Creatures
  An ice beast (D:5)
  A necrophage (D:5)
  An ogre (D:4)
  2 bullfrogs
  A howler monkey (D:5)
  2 crimson imps
  4 orc priests
  A bullfrog skeleton (D:2)
  3 iguanas
  2 orc wizards
  A worker ant (D:5)
  8 adders
  An adder zombie (D:5)
  2 worms (D:5)
  3 dart slugs
  2 leopard geckos
  8 orcs
  A giant cockroach (D:3)
  7 goblins
  5 hobgoblins
  11 jackals
  A quokka (D:3)
  A ball python skeleton (D:5)
  9 bats
  5 frilled lizards
  5 kobolds
  A quokka skeleton (D:5)
  8 rats
97 creatures vanquished.

Notes
Turn   | Place    | Note
-------+----------+-------------------------------------------
     0 | Abyss:1  | Gargoyl the Centaur Abyssal Knight began the quest for the
                  | Orb.
     0 | Abyss:1  | Reached XP level 1. HP: 19/19 MP: 2/2
    68 | Abyss:1  | Found a corrupted altar of Lugonu.
   102 | Abyss:1  | Noticed a neqoxec
   121 | Abyss:1  | Found a corrupted altar of Lugonu.
   152 | Abyss:1  | Noticed a raiju
   156 | D:1      | Escaped the Abyss
   203 | D:1      | Reached * piety under Lugonu
   420 | D:1      | Reached XP level 2. HP: 22/26 MP: 3/3
   752 | D:1      | Reached skill level 1 in Dodging
   942 | D:2      | Noticed a crimson imp
   951 | D:2      | Reached XP level 3. HP: 31/31 MP: 4/4
  1216 | D:2      | Found a white marble altar of Elyvilon.
  1249 | D:2      | Reached XP level 4. HP: 21/39 MP: 5/5
  1561 | D:2      | Reached ** piety under Lugonu
  1650 | D:2      | Found an iron altar of Okawaru.
  1651 | D:2      | Found a shadowy altar of Dithmenos.
  1960 | D:3      | Reached XP level 5. HP: 46/46 MP: 7/7
  2965 | D:3      | Found a glowing silver altar of Zin.
  3018 | D:4      | Found a staircase to the Ecumenical Temple.
  3061 | D:4      | Found a glowing golden altar of the Shining One.
  3413 | D:4      | Found a burning altar of Makhleb.
  3448 | D:4      | Found a sacrificial altar of Ru.
  3657 | D:4      | Noticed an ogre
  3675 | D:4      | Killed an ogre
  3675 | D:4      | Reached XP level 6. HP: 36/52 MP: 8/8
  3908 | D:5      | Entered Level 5 of the Dungeon
  3929 | D:5      | Gained mutation: You are partially covered in rugged brown
                  | scales. (AC +1, +3% HP) [potion of mutation]
  3929 | D:5      | Gained mutation: You evolve. [potion of mutation]
  3929 | D:5      | Gained mutation: You have a pair of small horns on your
                  | head. [potion of mutation]
  3979 | D:5      | HP: 2/53 [adder (4)]
  4266 | D:5      | Reached XP level 7. HP: 59/60 MP: 9/9
  4482 | D:5      | Found a stormy altar of Qazlal.
  4483 | D:5      | Noticed a fire elemental
  4491 | D:5      | Noticed an air elemental
  4491 | D:5      | Noticed a water elemental
  4535 | D:5      | Found a runed translucent door.
  4555 | D:5      | Noticed hemabe's ghost (novice HuAr)
  4610 | D:5      | Reached *** piety under Lugonu
  5137 | D:6      | Found a runed translucent gate.
  5138 | D:6      | Found a runed translucent gate.
  5139 | D:6      | Found a runed translucent gate.
  5140 | D:6      | Noticed Mithandil's ghost (novice MiGl)
  5301 | D:5      | Gained mutation: Your flesh is heat resistant. (rF+)
                  | [evolution]
  5405 | D:6      | Mangled by an orc warrior

Levels and vault maps discovered:
D:1:      zelgadis_glass_arrival_small, layout_basic
D:2:      layout_rooms, elyvilon_altar_3, gammafunk_temple_overflow_statue
D:3:      layout_basic, zin_treasury, first_ration
D:4:      layout_basic, old_standard_altar, kennysheep_mini_moat,
          nicolae_ru_awakened_eye, minmay_temple_entry_statues_pillars
D:5:      layout_loops_ring, ebering_ghost_reflecting_pool,
          nicolae_qazlal_style_of_elements
D:6:      layout_basic, gammafunk_ghost_split, basic_altar

Skill      XL: |  1  2  3  4  5  6  7 |
---------------+----------------------+-----
Axes           | 2 3 4 |  4.5
Dodging        | 1 2 3 |  3.0
Armour         | 2 3 |  3.7
Invocations    | 3 4 |  4.2
Fighting       | 4 |  4.4

Action                   |  1- 3 |  4- 6 |  7- 9 || total
-------------------------+-------+-------+-------++-------
Melee: Hand axe          |    96 |   132 |    72 ||   300
       Kick              |    13 |    29 |    20 ||    62
       Headbutt          |       |     4 |     8 ||    12
Invok: Depart the Abyss  |     1 |       |       ||     1
  Use: Scroll            |     4 |     9 |     1 ||    14
       Potion            |     1 |     3 |       ||     4
  Eat: Chunk             |       |     6 |     1 ||     7
       Ration            |       |     1 |       ||     1
Armor: Ring mail         |    58 |    83 |     3 ||   144
       Leather armour    |     3 |       |       ||     3
       Chain mail        |       |       |    40 ||    40
Dodge: Dodged            |    39 |    71 |    23 ||   133

Table legend:
 A = Non-vault XP
 B = Vault XP
 C = Vault XP percentage of total XP
 D = Non-vault monster count
 E = Vault monster count
 F = Vault count percentage of total count
                 A         B        C        D         E       F
            +---------+---------+-------+---------+---------+-------
      Total |    1386 |       0 |   0.0 |      97 |       0 |   0.0
            +---------+---------+-------+---------+---------+-------
        D:1 |      39 |       0 |   0.0 |      24 |       0 |   0.0
        D:2 |     116 |       0 |   0.0 |      12 |       0 |   0.0
        D:3 |      63 |       0 |   0.0 |      19 |       0 |   0.0
        D:4 |     333 |       0 |   0.0 |      16 |       0 |   0.0
        D:5 |     570 |       0 |   0.0 |      19 |       0 |   0.0
        D:6 |     265 |       0 |   0.0 |       7 |       0 |   0.0
            +---------+---------+-------+---------+---------+-------
